 Dungeon Crawl Stone Soup version 0.30-a0-989-g0d87f670db (webtiles) character file.

Game seed: 9104321768380782176

37 Zonian the Ruffian (level 3, -1/27 HPs)
             Began as a Vine Stalker Gladiator on Apr 2, 2023.
             Succumbed to an adder's poison
             ... on level 2 of the Dungeon.
             The game lasted 00:01:47 (1072 turns).

Zonian the Ruffian (Vine Stalker Gladiator)         Turns: 1072, Time: 00:01:48

Health: -1/27      AC:  4    Str: 17 (18) XL:     3   Next: 39%
Magic:  3/4        EV: 12    Int:  5 (8)  God:
Gold:   45         SH:  0    Dex: 14 (15) Spells: 2/2 levels left

rFire   . . .      SeeInvis .      - Unarmed
rCold   . . .      Faith    .    (no shield)
rNeg    . . .      Spirit   +    a - +0 leather armour
rPois   .          Reflect  .    b - +0 helmet
rElec   .          Rampage  .    (no cloak)
rCorr   .                        (no gloves)
Will    .....                    (no boots) Stlth
                                 (no amulet)
HPRegen 0.24/turn                (no ring)
MPRegen 0.09/turn                (no ring)

@: berserking, lethally poisoned (-1 -> -6), flying, very quick
A: fangs 2, magic shield, antimagic bite, no potion heal 2
a: no special abilities


You were on level 2 of the Dungeon.
You visited 1 branch of the dungeon, and saw 2 of its levels.

You collected 45 gold pieces.

Inventory:

Missiles
 c - 3 throwing nets (quivered)
 d - a javelin
 i - 3 poisoned darts
Armour
 a - a +0 leather armour (worn)
 b - a +0 helmet (worn)
Scrolls
 f - a scroll of immolation {unknown}
 k - a scroll of identify {unknown}
Potions
 g - a potion of degeneration
 h - a potion of cancellation {unknown}
 j - a potion of curing {unknown}


   Skills:
 + Level 2.2 Fighting
 + Level 2.2 Throwing
 + Level 2.7 Dodging
 + Level 3.3 Unarmed Combat


You had 2 spell levels left.
You didn't know any spells.
Your spell library contained the following spells:

 Spells                   Type           Power      Damage    Failure   Level
 Static Discharge         Conj/Air       0%         2-2/arc   69%         2
 Vhi's Electric Charge    Tloc/Air       0%         N/A       89%         3
 Arcjolt                  Conj/Air       0%         1d10      100%        5
 Plasma Beam              Fire/Air       0%         2x1d7     100%        5


Dungeon Overview and Level Annotations

Branches:
Dungeon (2/15)

Altars:

Annotations:
D:2 Terence


Innate Abilities, Weirdness & Mutations

You have extremely sharp teeth.
When hurt, damage is shared between your health and your magic reserves.
Your bite disrupts and absorbs the magic of your enemies.
Potions cannot restore your health.


Message History

You feel sick. The adder closely misses you.
You miss the adder.
The adder is moderately wounded.
The adder bites you. The adder misses you.
You hit the adder. Your bite misses the adder.
The adder is severely wounded.
You feel sick. The adder barely misses you.
You barely miss the adder. Your bite misses the adder.
The adder is severely wounded.
You feel sick.
You are no longer poisoned.
The adder bites you.
You are poisoned.
The adder poisons you!
You closely miss the adder. Your bite misses the adder.
The adder is severely wounded.
You feel sick. The adder closely misses you.
Unknown command.
You closely miss the adder. Your bite misses the adder.
The adder is severely wounded.
You feel sick. The adder bites you.
* * * LOW HITPOINT WARNING * * *
You are lethally poisoned!
The adder poisons you!
Unknown command.
It was a potion of degeneration.
There was something very wrong with that liquid.
You feel weakened.
You feel dopey.
You feel clumsy.
* * * LOW HITPOINT WARNING * * *
You feel very sick. The adder closely misses you.
The adder bites you but does no damage.
It was a potion of flight.
You feel very buoyant.
You fly up into the air.
* * * LOW HITPOINT WARNING * * *
You feel sick. The adder barely misses you.
It was a potion of berserk rage.
A red film seems to cover your vision as you go berserk!
You feel yourself moving faster!
You feel mighty!
You die...

#.#.........#
# #....######
#.#....##
#.......#
#.#...#.#
#.##.##.# . .
... #.#
....#####.#
#....S@..#
..........#
####.#.#.## #
#.... #.#.##
#.#.# ....#
....[#


You could see an adder.

Vanquished Creatures
  A dart slug (D:1)
  7 ball pythons
  2 bats (D:1)
  2 endoplasms (D:1)
  3 hobgoblins (D:1)
  4 jackals (D:1)
  3 quokkas
  3 frilled lizards (D:1)
  3 goblins
  2 kobolds (D:1)
  A rat (D:1)
31 creatures vanquished.

Notes
Turn   | Place    | Note
-------+----------+-------------------------------------------
     0 | D:1      | Zonian the Vine Stalker Gladiator began the quest for the
                  | Orb.
     0 | D:1      | Reached XP level 1. HP: 11/11 MP: 2/2
    19 | D:1      | Noticed an electric eel
   219 | D:1      | Reached XP level 2. HP: 7/15 MP: 1/3
   567 | D:1      | Reached XP level 3. HP: 15/18 MP: 4/4
   939 | D:2      | Noticed Terence
  1072 | D:2      | Succumbed to an adder's poison

Illustrated notes

Levels and vault maps discovered:
D:1:      arrival_aquarium_a, layout_basic, grunt_decor_fettered
D:2:      layout_loops_cross, st_stairs_9, uniq_terence

Skill      XL: |  1 |
---------------+----+-----
Fighting       | 2 |  2.2
Throwing       | 2 |  2.2
Dodging        | |  2.7
Unarmed Combat | |  3.3

Action                     || total
---------------------------++-------
  Melee: Unarmed           ||    89
         Bite              ||    19
    Use: Potion            ||     3
 Armour: Leather armour    ||    24
  Dodge: Dodged            ||    59

Table legend: (Time is in decaauts)
 A = Elapsed time spent in this place.
 B = Non-inter-level travel time spent in this place.
 C = Inter-level travel time spent in this place.
 D = Time resting spent in this place.
 E = Time spent auto-exploring this place.
 F = Levels seen in this place.
 G = Mean time per level.
                   A        B        C        D        E       F      G
               +--------+--------+--------+--------+--------+-----+--------+
         Total |   1066 |   1063 |      3 |    120 |    685 |   2 |  533.0 |
       Dungeon |   1066 |   1063 |      3 |    120 |    685 |   2 |  533.0 |
               +--------+--------+--------+--------+--------+-----+--------+

Top non-repeatable levels by time:
     D:1: 935 daAuts
     D:2: 131 daAuts
